 Dungeon Crawl Stone Soup version 0.19.0-9-gfd783f2 (webtiles) character file.

118 Inkary the Shield-Bearer (level 5, -1/42 HPs)
             Began as a Formicid Fighter on Nov 7, 2016.
             Slain by a killer bee (6 damage)
             ... on level 3 of the Dungeon.
             The game lasted 00:01:58 (1868 turns).

Inkary the Shield-Bearer (Formicid Fighter)         Turns: 1868, Time: 00:01:59

Health: -1/42      AC:  6    Str: 27    XL:     5   Next: 23%
Magic:  5/5        EV:  8    Int:  7    God:
Gold:   173        SH: 10    Dex: 10    Spells: 0 memorised, 4 levels left

rFire  . . .     SeeInvis +     a - +0 war axe
rCold  . . .     Gourm    .     b - +0 scale mail
rNeg   . . .     Faith    .     c - +0 shield
rPois  .         Spirit   .     (helmet unavailable)
rElec  .         Reflect  .     (no cloak)
rCorr  .         Harm     .     (no gloves)
MR     .....                    (no boots)
Stlth  ..........               (no amulet)
                                (no ring)
                                (no ring)

@: mighty
A: permanent stasis, dig shafts and tunnels, four strong arms, antennae 3
a: Dig, Shaft Self


You were on level 3 of the Dungeon.
You were not hungry.

You visited 1 branch of the dungeon, and saw 3 of its levels.

You collected 173 gold pieces.

Inventory:

Hand Weapons
 a - a +0 war axe (weapon)
Armour
 b - a +0 scale mail (worn)
 c - a +0 shield (worn)
Jewellery
 e - an uncursed ring of fire {unknown}
Scrolls
 g - 4 scrolls of remove curse {unknown}
 h - 2 scrolls of teleportation {unknown}
 i - 3 scrolls of identify {unknown}
 m - 2 scrolls of enchant armour {unknown}
 q - 2 scrolls of amnesia {unknown}
 t - a scroll of fog {unknown}
 u - a scroll of immolation {unknown}
 w - 2 scrolls of random uselessness {unknown}
Potions
 d - a potion of might
 j - a potion of magic {unknown}
 l - 2 potions of curing
 o - a potion of flight {unknown}
 p - a potion of ambrosia {unknown}
 r - a potion of cancellation {unknown}
Comestibles
 f - 4 bread rations
 k - 4 fruits
 n - a beef jerky
 s - a meat ration
 v - 2 chunks of flesh


   Skills:
 + Level 4.2 Fighting
 * Level 3.8 Axes
 - Level 3.2 Armour
 + Level 4.4 Shields


You had 4 spell levels left.
You didn't know any spells.

Dungeon Overview and Level Annotations

Branches:
Dungeon (3/15)

Altars:


Innate Abilities, Weirdness & Mutations

You are under a permanent stasis effect.
You can dig through walls and to a lower floor.
Your four strong arms can wield two-handed weapons with a shield.
You have a pair of large antennae on your head. (SInv)


Message History

You closely miss the killer bee.
The killer bee is severely wounded.
* * * LOW HITPOINT WARNING * * *
You feel sick.
The killer bee buzzes angrily.
You block the killer bee's attack. x2
The killer bee stings you but does no damage.
Your scale mail prevents you from hitting the killer bee.
The killer bee is severely wounded.
* * * LOW HITPOINT WARNING * * *
You feel sick. You block the killer bee's attack.
Unknown command.
It was a potion of curing.
You feel better. The killer bee barely misses you.
The killer bee stings you but does no damage.
Okay, then.
The killer bee stings you!
* * * LOW HITPOINT WARNING * * *
The killer bee completely misses you. The killer bee stings you.
You die...

###.### ...
######.....#
#..#####...<.......
#...............#.#
#.#.......###.#.#.#
# #.#.#####.#
#.....# #. #.#.#
#.#####.### #####.#
#.#.# #.......#
.......##y@.#
#.#######
#.yyy...#####.#
......#####.......#
##### #########


You could see 4 killer bees.

Vanquished Creatures
  3 adders
  4 gnolls (D:2)
  A worm (D:2)
  3 giant cockroaches
  7 goblins
  7 hobgoblins
  7 jackals
  A quokka (D:2)
  5 bats
  A frilled lizard (D:1)
  3 kobolds
  6 rats
48 creatures vanquished.

Notes
Turn   | Place    | Note
-------+----------+-------------------------------------------
     0 | D:1      | Inkary the Formicid Fighter began the quest for the Orb.
     0 | D:1      | Reached XP level 1. HP: 18/18 MP: 1/1
   100 | D:1      | Reached XP level 2. HP: 23/24 MP: 2/2
   352 | D:1      | Reached XP level 3. HP: 30/30 MP: 3/3
   535 | D:2      | Found a faded altar of an unknown god.
  1066 | D:2      | Reached XP level 4. HP: 37/37 MP: 4/4
  1645 | D:3      | Reached XP level 5. HP: 26/42 MP: 5/5
  1868 | D:3      | Slain by a killer bee

Skill      XL: |  1  2  3  4 |
---------------+-------------+-----
Axes           | 3 |  3.8
Shields        | 4 |  4.4
Fighting       | 4 |  4.2
Armour         | |  3.2

Action                   |  1- 3 |  4- 6 || total
-------------------------+-------+-------++-------
Melee: War axe           |    80 |    52 ||   132
  Use: Potion            |       |     2 ||     2
  Eat: Chunk             |     1 |     2 ||     3
Armor: Scale mail        |    29 |    29 ||    58
Dodge: Dodged            |    18 |    22 ||    40
Block: Shield            |    37 |    34 ||    71
